 Dungeon Crawl Stone Soup version 0.29.0-4-gdea44cf6ec (webtiles) character file.

Game seed: 9045594135603830925

51 Destructed3 the Trooper (level 3, -1/31 HPs)
             Began as a Mummy Fighter on Aug 27, 2022.
             Was a Follower of Kikubaaqudgha.
             Slain by Terence
             ... wielding a +2 vorpal flail
              (5 damage)
             ... on level 2 of the Dungeon.
             The game lasted 00:03:24 (1117 turns).

Destructed3 the Trooper (Mummy Fighter)             Turns: 1117, Time: 00:03:25

Health: -1/31      AC:  6    Str: 19    XL:     3   Next: 58%
Magic:  3/3        EV:  9    Int:  7    God:    Kikubaaqudgha [*.....]
Gold:   138        SH:  4    Dex: 13    Spells: 2/2 levels left

rFire   x . .      SeeInvis .   a - +0 rapier
rCold   + . .      Faith    .   c - +0 buckler
rNeg    + + +      Spirit   .   b - +0 scale mail
rPois   ∞          Reflect  .   (no helmet)
rElec   .          Harm     .   (no cloak)
rCorr   .          Rampage  .   (no gloves)
Will    .....                   (no boots)
Stlth   ..........              (no amulet)
HPRegen 0.10/turn               (no ring)
MPRegen 0.08/turn               (no ring)

@: no status effects
A: cold resistance 1, negative energy resistance 3, torment resistance 2, heat
vulnerability 1, in touch with death 1, no potions
a: Renounce Religion, Unearth Wretches


You were on level 2 of the Dungeon.
You worshipped Kikubaaqudgha.
Kikubaaqudgha was aware of your devotion.
You visited 1 branch of the dungeon, and saw 2 of its levels.

You collected 138 gold pieces.

Inventory:

Hand Weapons
 a - a +0 rapier (weapon)
 d - a +1 dagger of protection
Armour
 b - a +0 scale mail (worn)
 c - a +0 buckler (worn)
Scrolls
 e - a scroll of magic mapping {unknown}
 f - a scroll of amnesia {unknown}


   Skills:
 + Level 4.6 Fighting
 - Level 1.5 Short Blades
 - Level 2.4 Armour
 - Level 2.4 Shields


You had 2 spell levels left.
You didn't know any spells.
Your spell library contained the following spells:

 Spells                   Type           Power      Damage    Failure   Level
 Necrotise                Necr           0%         1d4       88%         1
 Vampiric Draining        Necr           0%         2d6       99%         3
 Anguish                  Hex/Necr       0%         N/A       100%        4
 Animate Dead             Necr           0%         N/A       100%        4


Dungeon Overview and Level Annotations

Branches:
Dungeon (2/15)

Altars:
Kikubaaqudgha

Annotations:
D:2 Terence


Innate Abilities, Weirdness & Mutations

You are immune to poison.
Your flesh is cold resistant. (rC+)
You are immune to negative energy. (rN+++)
You are immune to unholy pain and torment.
You are vulnerable to heat. (rF-)
You are in touch with the powers of death.
You do not drink.


Message History

You hit Terence but do no damage. You block Terence's attack.
You barely miss Terence.
Terence shouts, "DIE!!!"
Terence hits you but does no damage.
You hit Terence but do no damage.
Terence hits you with a +2 vorpal flail.
You hit Terence but do no damage.
Terence hits you with a +2 vorpal flail.
You hit Terence but do no damage. You block Terence's attack.
Terence closely misses you.
You hit Terence but do no damage.
Terence hits you with a +2 vorpal flail.
You barely miss Terence. You block Terence's attack.
You hit Terence.
Terence is moderately wounded.
Terence hits you with a +2 vorpal flail.
You hit Terence.
Terence is moderately wounded.
Terence hits you with a +2 vorpal flail.
You hit Terence but do no damage.
Terence is moderately wounded.
You block Terence's attack.
You hit Terence but do no damage.
Terence is moderately wounded.
Terence says, "Rest in peace."
Terence closely misses you.
Terence hits you with a +2 vorpal flail.
* * * LOW HITPOINT WARNING * * *
x2 You hit Terence.
Terence is heavily wounded.
Terence hits you with a +2 vorpal flail.
* * * LOW HITPOINT WARNING * * *
x2 You hit Terence.
Terence is severely wounded.
Terence barely misses you.
You hit Terence but do no damage.
Terence is severely wounded.
Terence hits you with a +2 vorpal flail.
You die...
Kikubaaqudgha rasps: "You have failed me!
Welcome... oblivion!"

. . .######..>.....#
...##...#..(...#
##.....###.)....#
#.......#.... .[###
<...# .....# #... ###
...# ####.#.###.###....
.†## #.......)..[..#
..####.###......@..#
................@.......
#####.##................
#.#..#............##
#####.#.##).....)....##
......#.##............#
..................[##.#
#####..####....##### .#
##....#......###


You could see Terence.

Vanquished Creatures
  An adder (D:2)
  2 dart slugs (D:1)
  6 ball pythons
  2 endoplasms (D:1)
  A giant cockroach (D:1)
  3 goblins
  3 jackals (D:1)
  3 kobolds (D:1)
  A quokka (D:1)
  7 bats
  A frilled lizard (D:1)
  8 rats
38 creatures vanquished.

Vanquished Creatures (others)
  4 fungi (D:1)
  A plant (D:1)
5 creatures vanquished.

Grand Total: 43 creatures vanquished

Notes
Turn   | Place    | Note
-------+----------+-------------------------------------------
     0 | D:1      | Destructed3 the Mummy Fighter began the quest for the Orb.
     0 | D:1      | Reached XP level 1. HP: 18/18 MP: 1/1
    75 | D:1      | Reached XP level 2. HP: 20/24 MP: 2/2
   370 | D:1      | Reached skill level 4 in Fighting
   650 | D:1      | Found a faded altar of an unknown god.
   731 | D:1      | Gained mutation: You are in touch with the powers of death.
                  | [Mummy growth]
   731 | D:1      | Reached XP level 3. HP: 30/30 MP: 3/3
   890 | D:1      | Prayed at the altar of an unknown god.
   890 | D:1      | Became a worshipper of Kikubaaqudgha
   890 | D:1      | Reached * piety under Kikubaaqudgha
   890 | D:1      | Received a gift from Kikubaaqudgha
  1099 | D:2      | Noticed Terence
  1117 | D:2      | Slain by Terence

Illustrated notes

Levels and vault maps discovered:
D:1:      minmay_arrival_diagonal_passages, layout_rooms,
          shapermc_ecumenical_altar_gd
D:2:      layout_rooms, uniq_terence

Skill      XL: |  1  2 |
---------------+-------+-----
Fighting       | 4 |  4.6
Short Blades   | |  1.5
Armour         | |  2.4
Shields        | |  2.4

Action                   || total
-------------------------++-------
Melee: Rapier            ||   143
Armor: Scale mail        ||    88
Dodge: Dodged            ||    72
Block: Buckler           ||    43
